AoeStats
← stinkepete2000

Nomad

510382138Analyzed
2v2 RM · 20h ago on Sep 30, 2026· 41m 28s· 4 players
Game mode
Random Map
Map size
176×176
Population
200
Speed
Normal
Resources
Standard
Victory
Conquest
Starting age
Dark Age
Ending age
Imperial Age
RankedLock teamsTeams togetherTeam positionsShared explorationLock speedFull tech treeHidden civsTurbo modeCheats
Victory
Defeat
🇩🇪 Vietnamese · Germany
1268
+13
🇩🇪 Varangians · Germany
1267
+13
🇧🇾 Britons · Belarus
1249
-15
🇧🇾 Gurjaras · Belarus
1160
-11
balas351
8:09 Loom
17:48 Feudal Age
22:44 Castle Age
21:23 Horse Collar
22:16 Double-Bit Axe
33:56 Bloodlines
34:06 Bow Saw
41:35 Imperial Age
40:39 Heavy Plow
Turmaliner
3:04 Loom
13:28 Feudal Age
14:05 Double-Bit Axe
14:17 Horse Collar
15:45 Wheelbarrow
14:53 Fishing Lines
17:49 Fletching
20:40 Castle Age
19:02 Padded Archer Armor
19:26 Gold Mining
20:48 Crossbowman
22:13 Squires
22:32 Heavy Plow
34:44 Bow Saw
35:45 Bodkin Arrow
37:36 Ballistics
37:40 Murder Holes
38:49 Hand Cart
39:18 Pikeman
41:00 Scale Mail Armor
stinkepete2000
4:55 Loom
12:33 Feudal Age
13:10 Double-Bit Axe
14:25 Fishing Lines
19:42 Castle Age
19:02 Bloodlines
19:24 Scale Barding Armor
20:36 Gillnets
22:33 Chain Barding Armor
24:29 Wheelbarrow
24:16 Husbandry
25:39 Bow Saw
26:23 Forging
27:27 Hand Cart
28:11 Iron Casting
27:56 Fletching
28:23 Gold Mining
29:04 Devotion
29:40 Town Watch
29:54 Stone Mining
34:59 Imperial Age
34:17 Masonry
35:40 Clinker Construction
36:40 Plate Barding Armor
35:34 Cavalier
38:34 Ballistics
40:13 Blast Furnace
39:10 Bodkin Arrow
39:26 Siege Engineers
41:11 Light Cavalry
Puschel der Waschbär
4:34 Loom
14:44 Feudal Age
20:57 Castle Age
19:32 Fletching
21:15 Padded Archer Armor
21:57 Bodkin Arrow
23:35 Double-Bit Axe
28:51 Wheelbarrow
30:08 Fishing Lines
30:04 Elite Skirmisher
34:14 Gillnets
38:04 Imperial Age
35:56 Hand Cart
35:57 Bow Saw
36:09 Leather Archer Armor
36:26 Gold Mining
36:19 Horse Collar
37:45 Ballistics
37:55 Stone Mining
38:53 Bracer
39:20 Paper Money
39:12 Thumb Ring
41:56 Chemistry
41:23 Elite Rattan Archer
Connection lost

Rejoining the realm…

Still unreachable

The connection could not be restored.

Session expired

The server has moved on; the page needs a fresh start.